 Dungeon Crawl Stone Soup version 0.16-a0-4038-ge07a62f (webtiles) character file.

62 Ololoev the Caller (level 3, 0/24 HPs)
             Began as a Mummy Summoner on Feb 19, 2015.
             Slain by a gnoll (3 damage)
             ... on level 2 of the Dungeon.
             The game lasted 00:06:47 (3275 turns).

Ololoev the Caller (Mummy Summoner)                 Turns: 3275, Time: 00:06:48

Health: 0/24       AC:  3    Str: 11    XL:     3   Next: 85%
Magic:  6/6        EV: 12    Int: 15    God:
Gold:   45         SH:  0    Dex: 12    Spells: 3 memorised, 0 levels left

rFire  x . .     SeeInvis .     c - +0 dagger
rCold  + . .     Clarity  .     a - +1 robe
rNeg   + + +     SustAb   .     (no shield)
rPois  ∞         Gourm    .     (no helmet)
rElec  .         Spirit   .     (no cloak)
rCorr  .         Warding  .     (no gloves)
rMut   .         Rnd*Tele +     (no boots)
MR     .....                    (no amulet)
Stlth  ++........               (no ring)
                                h - ring of teleportation (curse)

@: not resistant to hostile enchantments, unstealthy
A: no food or potions, fire vulnerability, restore body, cold resistance 1,
negative energy resistance 3, poison resistance, torment resistance, unbreathing
a: Evoke Teleportation


You were on level 2 of the Dungeon.
You were not hungry.

You visited 1 branch of the dungeon, and saw 2 of its levels.

You collected 45 gold pieces.

Notes
Turn   | Place    | Note
--------------------------------------------------------------
     0 | D:1      | Ololoev, the Mummy Summoner, began the quest for the Orb.
     0 | D:1      | Reached XP level 1. HP: 13/13 MP: 3/3
   651 | D:1      | Reached XP level 2. HP: 2/19 MP: 2/4
   874 | D:1      | Learned a level 2 spell: Call Imp
  1476 | D:1      | Reached skill level 4 in Summonings
  1830 | D:1      | Reached XP level 3. HP: 17/24 MP: 6/6
  2818 | D:1      | Learned a level 3 spell: Call Canine Familiar
  3275 | D:2      | Slain by a gnoll

Inventory:

Hand weapons
 c - a +0 dagger (weapon)
Armour
 a - a +1 robe (worn)
Jewellery
 h - a cursed ring of teleportation (left hand)
Books
 b - a book of Callings

   Spells                             Type                      Level
   a - Summon Small Mammal            Summoning                    1
   b - Call Imp                       Summoning                    2
   c - Call Canine Familiar           Summoning                    3
   d - Summon Guardian Golem          Hexes/Summoning              4
   e - Summon Lightning Spire         Summoning/Air                4
   f - Summon Ice Beast               Ice/Summoning                4

Table legend:
 A = Turns spent in this place as a percentage of turns spent in the entire game.
 B = Non-inter-level travel turns spent in this place as a percentage of non-inter-level travel turns spent in the entire game.
 C = Inter-level travel turns spent in this place as a percentage of turns spent in this place.
 D = Turns resting spent in this place as a percentage of non-inter-level travel turns spent in this place.
 E = Turns spent auto-exploring this place as a percentage of non-inter-level travel turns spent in this place.
 F = Non-inter-level travel turns spent in this place divided by the number of levels of this place that you've seen.
                   A       B       C       D       E      F
               +-------+-------+-------+-------+-------+----------------------
         Total | 100.0 | 100.0 |   0.2 |   7.6 |   6.6 | 425.5
       Dungeon | 100.0 | 100.0 |   0.2 |   7.6 |   6.6 | 425.5
               +-------+-------+-------+-------+-------+----------------------


   Skills:
 - Level 1.5 Dodging
 - Level 1.5 Stealth
 - Level 2.0 Spellcasting
 + Level 4.5 Summonings


You couldn't memorise any spells.
You knew the following spells:

 Your Spells              Type           Power        Failure   Level  Hunger
a - Summon Small Mammal   Summ           ###.         3%          1    N/A
b - Call Imp              Summ           ###.....     6%          2    N/A
c - Call Canine Familiar  Summ           ###.....     12%         3    N/A

Dungeon Overview and Level Annotations

Branches:
Dungeon (2/15)

Altars:


Innate Abilities, Weirdness & Mutations

You do not eat or drink.
Your flesh is vulnerable to fire.
Your flesh is cold resistant.
You are immune to negative energy.
Your system is resistant to poisons.
You are immune to unholy pain and torment.
You can survive without breathing.


Message History

Your surroundings suddenly seem different.
The bat closely misses you.
Found a stone staircase leading down.
A bat comes into view.
The bat closely misses you.
You are too injured to fight recklessly!
You are too injured to fight recklessly!
You hit the bat.
You kill the bat!
You start resting.
Your surroundings suddenly seem different.
You start resting.
Your surroundings suddenly seem different.
It's stuck to you!
You start resting.
Your surroundings suddenly seem different.
A gnoll comes into view.
The gnoll shouts!
A gnoll comes into view.
The gnoll shouts!
A gnoll comes into view. It is wielding a club.
The gnoll shouts!
You hear a shout!
The gnoll barely misses you. The gnoll hits you but does no damage.
Found a stone staircase leading down.
A gnoll comes into view. It is wielding a whip.
Use which ability? (? or * to list)
You fail to use your ability.
The gnoll barely misses you. The gnoll barely misses you. x2
A kobold comes into view. It is wielding a short sword.
Use which ability? (? or * to list)
You fail to use your ability.
The kobold moves out of view.
The gnoll hits you but does no damage. The gnoll hits you.
The gnoll misses you.
Use which ability? (? or * to list)
You fail to use your ability.
The gnoll barely misses you. The gnoll hits you. The gnoll closely misses you.
The gnoll misses you.
Use which ability? (? or * to list)
You fail to use your ability.
The gnoll barely misses you. The gnoll hits you! The gnoll hits you.
You die...

..# ... #.#
### #.# #.#
# #.# #.#.#
##.#.#
######
##..gg#
#.###.....
#...g@#
#........#
...K...g..#
#####.##.#
.##.....##
#.# %#
...>...##
#.# .w
.####.# #..
.. ## ###
.g #< .


You could see 4 gnolls and a kobold.

Table legend:
 A = Kills in this place as a percentage of kills in entire the game.
 B = Kills by you in this place as a percentage of kills by you in the entire game.
 C = Kills by friends in this place as a percentage of kills by friends in the entire game.
 D = Other kills in this place as a percentage of other kills in the entire game.
 E = Experience gained in this place as a percentage of experience gained in the entire game.
 F = Experience gained in this place divided by the number of levels of this place that you have seen.
                   A       B       C       D       E      F
               +-------+-------+-------+-------+-------+----------------------
         Total | 100.0 | 100.0 | 100.0 |  -nan | 100.0 |  44.5
       Dungeon | 100.0 | 100.0 | 100.0 |  -nan | 100.0 |  44.5
               +-------+-------+-------+-------+-------+----------------------

Vanquished Creatures
  A giant gecko (D:1)
  An ooze (D:1)
  7 bats
  2 giant cockroaches (D:1)
  5 goblins (D:1)
  7 hobgoblins
  5 kobolds (D:1)
  4 giant newts (D:1)
  A rat (D:1)
33 creatures vanquished.

Vanquished Creatures (collateral kills)
  An adder (D:2)
  A giant mite (D:1)
  A worm (D:2)
  A giant cockroach (D:1)
  A goblin (D:1)
  3 hobgoblins (D:1)
8 creatures vanquished.

Vanquished Creatures (others)
  A bat (D:1)
  2 rats (D:1)
3 creatures vanquished.

Grand Total: 44 creatures vanquished

Action                   || total
-------------------------++-------
Melee: Unarmed           ||    18
       Dagger            ||   217
 Cast: Summon Small Mamm ||     8
       Call Imp          ||     5
       Call Canine Famil ||     1
  Use: Scroll            ||     5
 Stab: Sleeping          ||     2

Vault maps used:
D:1:      sevenhm_arrival_forest_fort_large_4, minmay_stone_trees_small
D:2:      minmay_misc_feat_five, uniq_sigmund
